 Dungeon Crawl Stone Soup version 0.22-a0-61-gbf6022e027 (webtiles) character file.

32 Mirvelgyr the Chopper (level 3, -6/34 HPs)
             Began as a Minotaur Berserker on Jan 10, 2018.
             Was a Believer of Trog.
             Mangled by a gnoll
             ... wielding a +0 halberd
              (13 damage)
             ... on level 2 of the Dungeon.
             The game lasted 00:03:52 (775 turns).

Mirvelgyr the Chopper (Minotaur Berserker)           Turns: 775, Time: 00:03:53

Health: -6/34      AC:  2    Str: 22    XL:     3   Next: 8%
Magic:  2/2        EV: 12    Int:  4    God:    Trog [**....]
Gold:   53         SH:  0    Dex:  9    Spells: 2/2 levels left

rFire    . . .     SeeInvis .   a - +0 hand axe
rCold    . . .     Gourm    .   (no shield)
rNeg     . . .     Faith    .   b - +0 animal skin
rPois    .         Spirit   .   (helmet restricted)
rElec    .         Reflect  .   (no cloak)
rCorr    .         Harm     .   (no gloves)
MR       ++...                  (no boots)
Stlth    +.........             (no amulet)
HPRegen  1.11/turn              (no ring)
MPRegen  0.08/turn              (no ring)

@: lethally poisoned (-6 -> -6), regenerating
A: retaliatory headbutt, horns 2
a: Berserk, Trog's Hand, Burn Spellbooks, Renounce Religion


You were on level 2 of the Dungeon.
You worshipped Trog.
Trog was pleased with you.
You were not hungry.

You visited 1 branch of the dungeon, and saw 2 of its levels.

You collected 53 gold pieces.

Inventory:

Hand Weapons
 a - a +0 hand axe (weapon)
Armour
 b - a +0 animal skin (worn)
Jewellery
 d - a cursed ring of loudness {unknown}
Scrolls
 e - a scroll of teleportation {unknown}
 g - 3 scrolls of identify {unknown}
 k - a scroll of noise {unknown}
 l - a scroll of fear {unknown}
Potions
 f - 2 potions of might {unknown}
 h - a potion of haste {unknown}
 j - a potion of agility {unknown}
Comestibles
 c - a ration
 i - a chunk of flesh


   Skills:
 + Level 4.4 Fighting
 + Level 4.5 Axes
 - Level 2.4 Armour
 - Level 2.1 Dodging


You had 2 spell levels left.
You didn't know any spells.

Dungeon Overview and Level Annotations

Branches:
Dungeon (2/15)

Altars:


Innate Abilities, Weirdness & Mutations

You reflexively headbutt those who attack you in melee.
You have a pair of horns on your head.


Message History

The adder is moderately wounded.
You feel sick. The adder closely misses you.
The gnoll hits you but does no damage.
You closely miss the adder.
The adder is moderately wounded.
You feel sick. The adder bites you.
The gnoll hits you from afar with a halberd.
The adder barely misses you.
You closely miss the adder. You headbutt the adder.
The adder is severely wounded.
The adder bites you but does no damage.
The gnoll hits you from afar with a halberd!
* * * LOW HITPOINT WARNING * * *
You are too injured to fight recklessly!
Your skin crawls.
You feel resistant to hostile enchantments.
You feel somewhat more hungry.
You feel sick. The adder bites you but does no damage.
The gnoll hits you from afar with a halberd!
You die...

#.#. #.#.##
#.....###
#.....#..
#.....#.# .#
#...gg#.# ..#
#....S#.# ...#
#....g@.# #.#.#
#.###.#.#.....#
#.)†#..#..#
#..)..$.[.#
#...##....#
#..........
#....###.##
#.#........#
#...<#.##....


You could see 3 gnolls and an adder.

Vanquished Creatures
  A dart slug (D:1)
  5 bats
  A goblin (D:2)
  4 hobgoblins
  2 jackals (D:2)
  13 frilled lizards
  5 kobolds (D:1)
  2 rats (D:1)
33 creatures vanquished.

Notes
Turn   | Place    | Note
-------+----------+-------------------------------------------
     0 | D:1      | Mirvelgyr the Minotaur Berserker began the quest for the Orb.
     0 | D:1      | Reached XP level 1. HP: 19/19 MP: 0/0
    35 | D:1      | Reached XP level 2. HP: 16/27 MP: 1/1
   450 | D:1      | Reached ** piety under Trog
   764 | D:2      | Reached XP level 3. HP: 34/34 MP: 2/2
   775 | D:2      | Mangled by a gnoll

Vault maps used:
D:1:      scummos_arrival_hexagon, minmay_lizard_pond
D:2:      fiery_altar_vehumet, lemuel_doored_altar

Skill      XL: |  1 |
---------------+----+-----
Fighting       | 4 |  4.4
Axes           | 4 |  4.5
Armour         | |  2.4
Dodging        | |  2.1

Action                   || total
-------------------------++-------
Melee: Hand axe          ||    53
       Headbutt          ||     9
Invok: Trog's Hand       ||     1
Armor: Animal skin       ||    13
Dodge: Dodged            ||    34

Table legend:
 A = Spawn XP
 B = Non-spawn XP
 C = Spawn XP percentage of total XP
 D = Spawn monster count
 E = Non-spawn monster count
 F = Spawn count percentage of total count
 G = Total turns spent on level
                    A         B        C        D         E        F      G
               +---------+---------+-------+---------+---------+-------+---------
         Total |       0 |      46 |   0.0 |       0 |      33 |   0.0 |   775
               +---------+---------+-------+---------+---------+-------+---------
           D:1 |       0 |      36 |   0.0 |       0 |      27 |   0.0 |   753
           D:2 |       0 |      10 |   0.0 |       0 |       6 |   0.0 |    22
               +---------+---------+-------+---------+---------+-------+---------
